 Dungeon Crawl Stone Soup version 0.30-a0-134-gb40fab5c76 (webtiles) character file.

Game seed: 2290638199576939467

50 jlumianski the Chopper (level 3, -1/22 HPs)
             Began as a Gargoyle Gladiator on Sept 20, 2022.
             Slain by Sigmund
             ... wielding a +6 scythe of protection
              (23 damage)
             ... on level 2 of the Dungeon.
             The game lasted 00:04:50 (1602 turns).

jlumianski the Chopper (Gargoyle Gladiator)         Turns: 1602, Time: 00:04:51

Health: -1/22      AC: 16    Str: 24    XL:     3   Next: 79%
Magic:  3/3        EV:  7    Int:  4    God:
Gold:   59         SH:  0    Dex: 11    Spells: 2/2 levels left

rFire   . . .      SeeInvis .    f - +10 demon trident "Bageam" {elec, Str+5 Int-4}
rCold   . . .      Faith    .    (no shield)
rNeg    + . .      Spirit   .    l - +0 plate armour
rPois   ∞          Reflect  .    c - +2 helmet
rElec   +          Harm     .    (no cloak)
rCorr   .          Rampage  .    (no gloves)
Will    .....                    (no boots)
Stlth   ..........               (no amulet)
HPRegen 0.07/turn                (no ring)
MPRegen 0.08/turn                (no ring)

@: no status effects
A: sickness immunity, AC +3, negative energy resistance 1, electricity
resistance, torment resistance 1, petrification resistance
a: no special abilities


You were on level 2 of the Dungeon.
You visited 1 branch of the dungeon, and saw 3 of its levels.

You collected 59 gold pieces.

Inventory:

Hand Weapons
 a - a +0 war axe
 f - the +10 demon trident "Bageam" (weapon) {elec, Str+5 Int-4}
   (You acquired it on level 2 of the Dungeon)

   It occasionally discharges a powerful burst of electricity upon striking a
   foe.
   Str:       It affects your strength (+5).
   Int:       It affects your intelligence (-4).
 p - a +2 vorpal war axe
Missiles
 d - 3 throwing nets (quivered)
 e - 3 javelins
Armour
 b - a +0 leather armour
 c - a +2 helmet (worn)
 l - a +0 plate armour (worn)
Scrolls
 h - a scroll of teleportation {unknown}
 i - 2 scrolls of poison {unknown}
 j - a scroll of enchant armour
 m - a scroll of silence
 n - 3 scrolls of blinking {unknown}
 o - a scroll of immolation {unknown}
Potions
 g - 2 potions of curing
 k - a potion of flight


   Skills:
 + Level 2.4 Fighting
 - Level 3.5 Axes
 + Level 1.7 Throwing
 + Level 0.6 Armour
 + Level 2.8 Dodging
 + Level 0.1 Stealth


You had 2 spell levels left.
You didn't know any spells.
Your spell library was empty.

Dungeon Overview and Level Annotations

Branches:
Dungeon (3/15)

Altars:
Uskayaw

Annotations:
D:2 Sigmund


Innate Abilities, Weirdness & Mutations

You are immune to sickness and miasma.
Your stone body is resilient. (AC +3)
You are immune to poison.
You resist negative energy. (rN+)
You are resistant to electric shocks. (rElec)
You are resistant to unholy torment.
You are immune to petrification.


Message History

Reach: f) +10 demon trident "Bageam" {elec, Str+5 Int-4}
Press: ? - help, Dir - move target, f - rat
Aim: a rat (about 32% to evade the +10 demon trident "Bageam")
You reach to attack!
You puncture the rat!
You kill the rat!
You see here a rat corpse.
h - a scroll labelled LANWANE CYEXKE You now have 59 gold pieces (gained 13).
A goblin comes into view. It is wielding a +0 club.
Found a scroll of identify.
The goblin shouts!
You hit the goblin.
The goblin is moderately wounded.
The goblin hits you but does no damage.
You barely miss the goblin.
The goblin is moderately wounded.
The goblin barely misses you.
You hit the goblin.
You kill the goblin!
You see here a +0 club.
q - a scroll of identify
As you read the scroll of identify, it crumbles to dust.
m - a scroll of silence Sigmund the Dreaded comes into view.
He is wielding a +6 scythe of protection.
Sigmund shouts!
You hear an angry hiss.
Sigmund casts a spell.
Sigmund flickers and vanishes!
Deactivating autopickup; reactivate with Ctrl-A.
A kobold comes into view. It is wielding a +0 whip.
The kobold shouts!
Something tries to affect you, but you resist.
The kobold throws a stone.
The stone closely misses you.
The kobold throws a stone.
The stone hits you but does no damage.
The kobold throws a stone.
The stone closely misses you.
You puncture the kobold!
You kill the kobold!
A frilled lizard comes into view.
Something hits you!!
Ouch! That really hurt!
You die...

##.################
#.###.# #.# #.###.##
#.#######
########.##...####
#.......#
#.................
#.#####.#
#.#####..##...#### #†#
#.# ###.####.## # ##.#
#.###...# #.# # ...#
#.##..#.# #.# # ####
#@#.....# #.# #
##.#.....# #^#
##.#..._..####.#
#.###.....##.. #.##
#.....##.# ...
..###.#.##.#
#...##.##.##.##.#
..lK..#.#.###.##.#######
...............†.........


You could see a frilled lizard.

Vanquished Creatures
  Natasha (D:2)
  A worm (D:2)
  3 endoplasms
  A giant cockroach (D:1)
  A hobgoblin (D:2)
  A kobold (D:2)
  2 ball pythons (D:2)
  5 bats
  3 frilled lizards
  5 goblins
  3 rats
26 creatures vanquished.

Notes
Turn   | Place    | Note
-------+----------+-------------------------------------------
     0 | D:1      | jlumianski the Gargoyle Gladiator began the quest for the
                  | Orb.
     0 | D:1      | Reached XP level 1. HP: 12/12 MP: 1/1
   132 | D:2      | Found a hide-covered altar of Uskayaw.
   365 | D:1      | Reached skill level 3 in Axes
   424 | D:1      | Reached XP level 2. HP: 17/17 MP: 2/2
  1252 | D:2      | Reached XP level 3. HP: 21/21 MP: 3/3
  1281 | D:3      | Noticed Natasha
  1287 | D:2      | Killed Natasha
  1486 | D:2      | Identified a scroll of acquirement
  1487 | D:2      | Acquired the +10 demon trident "Bageam" {elec, Str+5 Int-4}
  1589 | D:2      | Noticed Sigmund
  1602 | D:2      | Slain by Sigmund

Illustrated notes

Levels and vault maps discovered:
D:1:      lemuel_arrival_tunnels, layout_basic, shapermc_ecumenical_altar_ellora
D:2:      layout_loops_ring, basic_altar, uniq_sigmund
D:3:      layout_loops_corners, serial_shops, shop, uniq_natasha

Skill      XL: |  1 |
---------------+----+-----
Axes           | 3 |  3.5
Fighting       | |  2.4
Throwing       | |  1.7
Armour         | |  0.6
Dodging        | |  2.8
Stealth        | |  0.1

Action                   || total
-------------------------++-------
Melee: War axe           ||    61
       Demon trident     ||     5
  Use: Scroll            ||     6
       Potion            ||     1
Armor: Leather armour    ||    15
       Plate armour      ||    37
Dodge: Dodged            ||    30

Table legend: (Time is in decaauts)
 A = Elapsed time spent in this place.
 B = Non-inter-level travel time spent in this place.
 C = Inter-level travel time spent in this place.
 D = Time resting spent in this place.
 E = Time spent auto-exploring this place.
 F = Levels seen in this place.
 G = Mean time per level.
                   A        B        C        D        E       F      G
               +--------+--------+--------+--------+--------+-----+--------+
         Total |   1623 |   1623 |      0 |    158 |   1003 |   3 |  541.0 |
       Dungeon |   1623 |   1623 |      0 |    158 |   1003 |   3 |  541.0 |
               +--------+--------+--------+--------+--------+-----+--------+

Top non-repeatable levels by time:
     D:1: 774 daAuts
     D:2: 666 daAuts
     D:3: 183 daAuts
